 Dungeon Crawl Stone Soup version 0.19.5 (webtiles) character file.

92 tidbits the Slasher (level 4, -1/28 HPs)
             Began as a High Elf Wanderer on Oct 29, 2017.
             Slain by a worker ant (3 damage)
             ... on level 4 of the Dungeon.
             The game lasted 00:04:24 (499 turns).

tidbits the Slasher (High Elf Wanderer)              Turns: 499, Time: 00:04:25

Health: -1/28      AC:  2    Str: 12    XL:     4   Next: 35%
Magic:  8/8        EV: 10    Int: 17    God:
Gold:   119        SH:  4    Dex: 13    Spells: 0 memorised, 7 levels left

rFire  . . .     SeeInvis .     a - +2 short sword
rCold  . . .     Gourm    .     B - +0 robe
rNeg   . . .     Faith    .     D - +0 buckler
rPois  .         Spirit   .     (no helmet)
rElec  .         Reflect  .     (no cloak)
rCorr  .         Harm     .     (no gloves)
MR     .....                    (no boots)
Stlth  ++........               (no amulet)
                                (no ring)
                                (no ring)

@: lethally poisoned (-1 -> -5)
A: no striking features
a: no special abilities


You were on level 4 of the Dungeon.
You were not hungry.

You visited 1 branch of the dungeon, and saw 5 of its levels.

You collected 119 gold pieces.

Inventory:

Hand Weapons
 a - a +2 short sword (weapon)
 b - a +0 falchion
 c - a +0 hunting sling
   (You found it on level 1 of the Dungeon)
 e - a +0 dagger
 k - a +2 dagger of protection
   (You took it off a kobold on level 1 of the Dungeon)
Missiles
 h - 84 stones (quivered)
Armour
 n - a +0 scale mail
   (You found it on level 4 of the Dungeon)
 B - a +0 robe (worn)
 D - a +0 buckler (worn)
Wands
 l - a wand of polymorph (19/24)
   (You found it on level 2 of the Dungeon)
Scrolls
 d - a scroll of teleportation {unknown}
 g - a scroll of amnesia {unknown}
 i - a scroll of immolation {unknown}
 j - a scroll of identify {unknown}
 m - a scroll of remove curse {unknown}
Comestibles
 f - a bread ration


   Skills:
 - Level 1.0 Fighting
 - Level 1.2(3.3) Short Blades
 + Level 4.9(5.0) Long Blades
 - Level 2.1 Stealth
 - Level 1.0 Shields
 - Level 2.4 Spellcasting
   Level 2.1 Conjurations
   Level 1.2 Air Magic


You had 7 spell levels left.
You didn't know any spells.

Dungeon Overview and Level Annotations

Branches:
Dungeon (5/15)
 Temple: D:4-7

Altars:


Message History

You kill the bullfrog!
Your Long Blades skill gained 2 levels and is now at level 4!
You have reached level 3!
Your experience leads to an increase in your attributes!
Increase (S)trength, (I)ntelligence, or (D)exterity?
You feel stronger.
You feel clever.
You have reached level 4!
You see here 12 gold pieces.
You now have 113 gold pieces (gained 12).
There is a stone staircase leading up here.
You fly upwards.
There is a stone staircase leading down here.
You are starting to lose your buoyancy.
Found 20 stones.
You float gracefully downwards.
An adder comes into view.
The adder hisses angrily.
Throwing (i - inventory):
h - 66 stones (quivered)
Press: ? - help, Shift-Dir - straight line, f - adder
Aim: an adder You throw a stone.
The stone misses the adder.
Throwing (i - inventory):
h - 65 stones (quivered)
Press: ? - help, Shift-Dir - straight line, f/p - adder
Aim: an adder You throw a stone.
The stone hits the adder.
The adder is lightly wounded.
You hit the adder.
The adder is severely wounded.
The adder completely misses you.
You barely miss the adder.
The adder is severely wounded.
The adder bites you.
* * * LOW HITPOINT WARNING * * *
The adder bites you.
* * * LOW HITPOINT WARNING * * *
You are poisoned.
The adder poisons you!
You hit the adder.
You kill the adder!
You feel sick.
You feel sick.
Press: ? - help, v - describe, . - travel, g - get item 20 stones.
The floor.
You see here 20 stones.
h - 84 stones (gained 20)
You feel sick.
You see here a stone.
You see here a stone.
You feel sick.
You feel sick.
Found a scroll labeled XAYVIN DUCAS.
You feel sick.
You are no longer poisoned.
You see here a scroll labeled XAYVIN DUCAS.
j - a scroll labeled XAYVIN DUCAS
Found a stone staircase leading down.
There is a stone staircase leading down here.
You climb downwards.
There is a stone staircase leading up here.
You see here 6 gold pieces.
You now have 119 gold pieces (gained 6).
There is a stone staircase leading up here.
You climb upwards.
There is a stone staircase leading down here.
Found an escape hatch in the ceiling.
Found a scale mail.
A ball python comes into view.
The ball python hisses angrily.
You closely miss the ball python. The ball python bites you.
* * * LOW HITPOINT WARNING * * *
The ball python barely misses you.
You hit the ball python.
You kill the ball python!
A worker ant comes into view.
You see here a scale mail.
n - a scale mail You hit the worker ant.
The worker ant is moderately wounded.
The worker ant bites you.
* * * LOW HITPOINT WARNING * * *
You are poisoned.
The worker ant poisons you!
You closely miss the worker ant.
The worker ant is moderately wounded.
You feel sick. The worker ant bites you.
* * * LOW HITPOINT WARNING * * *
You completely miss the worker ant.
The worker ant is moderately wounded.
* * * LOW HITPOINT WARNING * * *
You feel sick. The worker ant barely misses you.
You barely miss the worker ant.
The worker ant is lightly wounded.
The worker ant bites you.
* * * LOW HITPOINT WARNING * * *
You closely miss the worker ant.
The worker ant is lightly wounded.
* * * LOW HITPOINT WARNING * * *
You feel sick. The worker ant bites you.
You die...

.......# ####..># ..
#...# ###### .# #...#
##.......#
#...#####........#
###......<...####..#
..............##....##..
........................
..............#.@.......
####............a...##..
#...#####........# #...#
#..#.....# #...
#..#.#...# #...
#........# ####.#.....
#.####.. .# .#


You could see a worker ant.

Vanquished Creatures
  A bullfrog (D:5)
  An adder (D:4)
  2 goblins (D:1)
  7 hobgoblins
  A quokka (D:2)
  A ball python (D:4)
  4 bats
  3 kobolds
  A rat (D:1)
21 creatures vanquished.

Notes
Turn   | Place    | Note
-------+----------+-------------------------------------------
     0 | D:1      | tidbits the High Elf Wanderer began the quest for the Orb.
     0 | D:1      | tidbits set off with: a +2 short sword, a +0 falchion, a +0 buckler, a +0 robe, a +0 dagger, a bread ration
     0 | D:1      | Reached XP level 1. HP: 13/13 MP: 4/4
    36 | D:1      | Reached skill level 1 in Long Blades
   120 | D:1      | Reached skill level 2 in Long Blades
   120 | D:1      | Reached XP level 2. HP: 12/18 MP: 6/6
   381 | D:5      | Entered Level 5 of the Dungeon
   382 | D:5      | Noticed a bullfrog
   391 | D:5      | Killed a bullfrog
   391 | D:5      | Reached skill level 4 in Long Blades
   391 | D:5      | Reached XP level 3. HP: 9/23 MP: 7/7
   391 | D:5      | Reached XP level 4. HP: 11/28 MP: 8/8
   499 | D:4      | HP: 2/28 [poisoned by a worker ant]
   499 | D:4      | Slain by a worker ant

Skill      XL: |  1  2 |
---------------+-------+-----
Long Blades    | 2 4 |  4.9
Fighting       | |  1.0
Short Blades   | |  1.2
Stealth        | |  2.1
Shields        | |  1.0
Spellcasting   | |  2.4
Conjurations   | |  2.1
Air Magic      | |  1.2

Action                   |  1- 3 |  4- 6 || total
-------------------------+-------+-------++-------
Melee: Short sword       |    57 |    10 ||    67
Throw: Stone             |       |     2 ||     2
  Use: Potion            |     2 |       ||     2
 Stab: Sleeping          |     6 |       ||     6
Armor: Robe              |    12 |       ||    12
Dodge: Dodged            |    27 |     3 ||    30
Block: Buckler           |    16 |       ||    16

Table legend:
 A = Turns spent in this place as a percentage of turns spent in the entire game.
 B = Non-inter-level travel turns spent in this place as a percentage of non-inter-level travel turns spent in the entire game.
 C = Inter-level travel turns spent in this place as a percentage of turns spent in this place.
 D = Turns resting spent in this place as a percentage of non-inter-level travel turns spent in this place.
 E = Turns spent auto-exploring this place as a percentage of non-inter-level travel turns spent in this place.
 F = Non-inter-level travel turns spent in this place divided by the number of levels of this place that you've seen.
                   A       B       C       D       E      F
               +-------+-------+-------+-------+-------+----------------------
         Total | 100.0 | 100.0 |   0.0 |   0.0 |   0.0 |  94.4
       Dungeon | 100.0 | 100.0 |   0.0 |   0.0 |   0.0 |  94.4
               +-------+-------+-------+-------+-------+----------------------

Table legend:
 A = Kills in this place as a percentage of kills in entire the game.
 B = Kills by you in this place as a percentage of kills by you in the entire game.
 C = Kills by friends in this place as a percentage of kills by friends in the entire game.
 D = Other kills in this place as a percentage of other kills in the entire game.
 E = Experience gained in this place as a percentage of experience gained in the entire game.
 F = Experience gained in this place divided by the number of levels of this place that you have seen.
                   A       B       C       D       E      F
               +-------+-------+-------+-------+-------+----------------------
         Total | 100.0 | 100.0 |  -nan |  -nan | 100.0 |  26.4
       Dungeon | 100.0 | 100.0 |  -nan |  -nan | 100.0 |  26.4
               +-------+-------+-------+-------+-------+----------------------

Vault maps used:
D:1:      evilmike_arrival_hilbert_curve
D:2:      uniq_robin, uniq_crazy_yiuf_cottage
D:3:      hangedman_decor_diamond_cutter, uniq_terence
D:4:      minmay_temple_entry_hall, uniq_natasha
D:5:      serial_shops, nicolae_shop_statue_plus, serial_glass, glass_columns_a,
          glass_columns_a, first_bread, uniq_pikel, uniq_prince_ribbit1,
          uniq_grinder, uniq_edmund
